 Dungeon Crawl Stone Soup version 0.29.0-4-gdea44cf6ec (webtiles) character file.

Game seed: 8348130851203222508

10377 qw the Brawler (level 11, -8/107 HPs)
             Began as a Troll Cinder Acolyte on Sept 2, 2022.
             Was an Initiate of Okawaru.
             Mangled by a fire elemental (13 damage)
             ... created by the fiery vengeance of Ignis
             ... on level 2 of the Lair of Beasts.
             The game lasted 00:05:19 (9739 turns).

qw the Brawler (Troll Cinder Acolyte)               Turns: 9739, Time: 00:05:20

Health: -8/107     AC:  6    Str: 25    XL:     11   Next: 35%
Magic:  11/11      EV:  9    Int: 14    God:    Okawaru [......]
Gold:   553        SH:  0    Dex:  4    Spells: 12/12 levels left

rFire   . . .      SeeInvis .     - Unarmed
rCold   . . .      Faith    .   (no shield)
rNeg    . . .      Spirit   .   n - +2 robe {Will+}
rPois   .          Reflect  .   (helmet restricted)
rElec   .          Harm     .   (no cloak)
rCorr   .          Rampage  .   (gloves unavailable)
Will    +....                   (boots unavailable)
Stlth   +.........              (no amulet)
HPRegen 1.07/turn               c - ring of protection from fire
MPRegen 0.12/turn               (no ring)

@: slowed, fire susceptible, very slow
A: large, unfitting armour, claws 3, regeneration 1, shaggy fur 1, tough skin 1,
clever 1, weak 1, wild magic 1
a: Renounce Religion


You were on level 2 of the Lair of Beasts.
You worshipped Okawaru.
Okawaru was noncommittal.
You visited 2 branches of the dungeon, and saw 11 of its levels.
You also visited: Ossuary.

You collected 739 gold pieces.
You spent 186 gold pieces at shops.


Innate Abilities, Weirdness & Mutations

You are too large for most types of armour.
You have claws for hands.
Your natural rate of healing is unusually fast.
You are covered in fur. (AC +1)
You have tough skin. (AC +1)
Your mind is acute. (Int +4, Str/Dex -1)
You are weak. (Str -2)
Your spells are a little harder to cast, but a little more powerful.


   Skills:
 + Level 6.8 Fighting
 - Level 1.9 Throwing
 - Level 1.3 Dodging
 - Level 16.0 Unarmed Combat
 - Level 1.0 Spellcasting
 - Level 2.1 Fire Magic


You had 12 spell levels left.
You didn't know any spells.
Your spell library contained the following spells:

 Spells                   Type           Power      Damage    Failure   Level
 Scorch                   Fire           16%        2d6       22%         2

Inventory:

Armour
 l - +0 steam dragon scales
 n - a +2 robe of willpower (worn)
Jewellery
 c - a ring of protection from fire (left claw)
 e - a +6 ring of dexterity
 m - a ring of ice
Scrolls
 a - a scroll of enchant armour
 b - a scroll of enchant weapon
 h - 4 scrolls of identify
Potions
 d - 2 potions of curing
 f - 2 potions of haste
 g - 4 potions of mutation
 i - a potion of might
 j - a potion of cancellation

Dungeon Overview and Level Annotations

Branches:
Dungeon (9/15)             Temple (0/1) D:4            Lair (1/5) D:9
Ossuary (visited)
    Orc: D:9-12

Altars:
Dithmenos
Fedhas
Gozag
Hepliaklqana
Makhleb
Okawaru
Qazlal
Ru
Trog
Uskayaw
Vehumet
Xom
Zin

Shops:
D:7 *


Message History

You kill the polar bear!
Okawaru accepts your kill.
You start resting.
HP restored.
You see here a polar bear corpse.
Things that are here:
a water moccasin corpse; a komodo dragon corpse
Found a long sword.
Found a stone staircase leading down.
Found an escape hatch in the ceiling.
f - 2 potions of haste (gained 1)
There is an escape hatch in the ceiling here. "Burn!
Burn until nothing is left!"
The divine experience drains your vigour!
You feel yourself slow down. 2 fire elementals come into view.
You barely miss the fire elemental. You closely miss the fire elemental.
The fire elemental hits you. The fire elemental burns you!
You closely miss the fire elemental. The fire elemental hits you.
The fire elemental burns you! The fire elemental hits you.
The fire elemental burns you!
You closely miss the fire elemental. Your claw misses the fire elemental.
The fire elemental hits you. The fire elemental burns you!
The fire elemental hits you. The fire elemental burns you!
The fire elemental hits you. The fire elemental burns you!
The fire elemental hits you. The fire elemental burns you!
You barely miss the fire elemental. The fire elemental hits you.
The fire elemental burns you! The fire elemental hits you.
The fire elemental burns you!
You closely miss the fire elemental.
The fire elemental barely misses you. x2
You closely miss the fire elemental.
The fire elemental completely misses you.
The fire elemental hits you. The fire elemental burns you!
You mangle the fire elemental!! You claw the fire elemental!
You destroy the fire elemental!
That felt strangely unrewarding.
The fire elemental hits you. The fire elemental burns you!
You die...

##...~~~.~~~~~~~...#
####~7P77~.~~7PP7.##
# #77777.~~77777.##
# 7P~~7 7...# #
7P~77 #..##
#####77P~P7 ##.##
#.##..7..77 ##...#
##.......## #..#.#
###..##..#..# ##@E##
.....##.##.####..##
##PP######..##.#.#
.#### ###.)####.##
7.# #.#.## #...#


777 #..# ##<.## ##.###..## #......# ##...#### You could see a fire elemental.

Vanquished Creatures
  A two-headed ogre (D:9)
  3 death yaks (D:9)
  An oklob plant (Lair:1)
  A cane toad (Lair:1)
  4 komodo dragons
  A polar bear (Lair:2)
  9 yaks
  A wyvern (D:9)
  A fire elemental (Lair:2)
  A basilisk (Lair:1)
  3 steam dragons
  4 water moccasins
  8 orc warriors
  3 ogres
  4 wolves (Lair:1)
  A centaur (D:9)
  2 necrophages
  6 bullfrogs
  4 water moccasin zombies (Ossuary)
  8 wights (D:6)
  2 electric eels (Lair:1)
  A howler monkey (D:5)
  3 jellies
  7 hounds
  An orc priest (D:6)
  4 gnoll boudas
  2 iguanas
  Ijyb (D:4)
  7 orc wizards
  2 mummies (Ossuary)
  10 adders
  22 gnolls
  A shadow imp (D:7)
  2 ufetubi
  6 adder zombies (Ossuary)
  2 worms
  7 dart slugs
  19 orcs
  5 ball pythons
  6 endoplasms
  2 giant cockroaches (D:1)
  3 gnoll zombies (Ossuary)
  8 goblins
  5 hobgoblins
  10 jackals
  5 kobolds
  9 bats
  6 frilled lizards
  5 hobgoblin zombies (Ossuary)
  5 kobold zombies (Ossuary)
  5 orc zombies (Ossuary)
  6 rats
245 creatures vanquished.

Vanquished Creatures (others)
  An orc wizard (D:8)
  2 fungi (Lair:2)
  2 plants
  A toadstool (Lair:2)
6 creatures vanquished.

Grand Total: 251 creatures vanquished

Notes
Turn   | Place    | Note
-------+----------+-------------------------------------------
     0 | D:1      | qw the Troll Cinder Acolyte began the quest for the Orb.
     0 | D:1      | Reached XP level 1. HP: 22/22 MP: 1/1
     0 | D:1      | 0 ||| qw: Version: 0.1-a-100-g36b9a1f
     0 | D:1      | 0 ||| qw: Game counter: 5026
     0 | D:1      | 0 ||| qw: Always use a shield: true
     0 | D:1      | 0 ||| qw: God list: Okawaru
     0 | D:1      | 0 ||| qw: Allow faded altars: false
     0 | D:1      | 0 ||| qw: Do Orc after D:15 true
     0 | D:1      | 0 ||| qw: Do second Lair branch before Depths: true
     0 | D:1      | 0 ||| qw: Lair rune preference: random
     0 | D:1      | 0 ||| qw: Plans: Normal
     0 | D:1      | 0 ||| PLANNING D:1-11
    92 | D:1      | 92 ||| Stepping ~*~*~tactically~*~*~ (hiding).
   103 | D:1      | Reached XP level 2. HP: 29/29 MP: 2/2
   234 | D:1      | 234 ||| Stepping ~*~*~tactically~*~*~ (hiding).
   246 | D:1      | 246 ||| Stepping ~*~*~tactically~*~*~ (stealth).
   252 | D:1      | 252 ||| Stepping ~*~*~tactically~*~*~ (stealth).
   272 | D:1      | 272 ||| Stepping ~*~*~tactically~*~*~ (stealth).
   274 | D:1      | 274 ||| Stepping ~*~*~tactically~*~*~ (hiding).
   282 | D:1      | Reached skill level 4 in Unarmed Combat
   402 | D:1      | 402 ||| Stepping ~*~*~tactically~*~*~ (stealth).
   404 | D:1      | 404 ||| Stepping ~*~*~tactically~*~*~ (stealth).
   434 | D:1      | Reached XP level 3. HP: 36/36 MP: 3/3
   826 | D:1      | 826 ||| READING scroll labelled NOUFAB ZAA.
   827 | D:1      | 827 ||| READING scroll labelled XOCUSO JIMAID.
   828 | D:1      | 828 ||| READING scroll labelled GISAGIS YSTRO.
  1065 | D:2      | Found a faded altar of an unknown god.
  1120 | D:2      | 1120 ||| Stepping ~*~*~tactically~*~*~ (stealth).
  1164 | D:2      | Reached skill level 5 in Unarmed Combat
  1164 | D:2      | Reached XP level 4. HP: 44/44 MP: 4/4
  1190 | D:2      | 1190 ||| Stepping ~*~*~tactically~*~*~ (stealth).
  1267 | D:2      | 1267 ||| INVOKING Fiery Armour.
  1271 | D:2      | 1271 ||| FLEEEEING.
  1272 | D:2      | 1272 ||| FLEEEEING.
  1273 | D:2      | 1273 ||| FLEEEEING.
  1274 | D:2      | 1274 ||| FLEEEEING.
  1275 | D:2      | 1275 ||| FLEEEEING.
  1276 | D:2      | 1276 ||| FLEEEEING.
  1277 | D:2      | 1277 ||| FLEEEEING.
  1306 | D:2      | 1306 ||| Stepping ~*~*~tactically~*~*~ (stealth).
  1322 | D:2      | 1322 ||| Stepping ~*~*~tactically~*~*~ (hiding).
  1445 | D:2      | Identified the +5 ring mail of Datul {-Tele rF+ Str+8}
  1775 | D:2      | 1775 ||| DROPPING ring of wizardry.
  1776 | D:2      | 1776 ||| READING scroll labelled HOAKEREQAER.
  1777 | D:2      | 1777 ||| READING 3 scrolls labelled KAIPET DIDUHI.
  1778 | D:2      | 1778 ||| READING scroll labelled YHERIT ZUONEL.
  1879 | D:2      | 1879 ||| READING scroll labelled XOCIODW XIET.
  1880 | D:2      | 1880 ||| READING scroll labelled BETIUL WIGUKU.
  1884 | D:2      | 1884 ||| DRINKING 2 blue potions.
  1884 | D:2      | Gained mutation: Your mind is acute. (Int +4, Str/Dex -1)
                  | [potion of mutation]
  1884 | D:2      | Gained mutation: You are weak. (Str -2) [potion of
                  | mutation]
  1884 | D:2      | Gained mutation: Your spells are a little harder to cast,
                  | but a little more powerful. [potion of mutation]
  1885 | D:2      | 1885 ||| DRINKING 2 viscous yellow potions.
  1915 | D:2      | 1915 ||| READING 2 scrolls of identify.
  1915 | D:2      | 1915 ||| IDENTIFYING ruby potion
  1916 | D:2      | 1916 ||| DROPPING potion of invisibility.
  1917 | D:2      | 1917 ||| DROPPING potion of lignification.
  1963 | D:3      | Reached XP level 5. HP: 46/50 MP: 5/5
  2058 | D:3      | 2058 ||| Stepping ~*~*~tactically~*~*~ (hiding).
  2067 | D:3      | Reached skill level 6 in Unarmed Combat
  2305 | D:3      | 2305 ||| Stepping ~*~*~tactically~*~*~ (stealth).
  2648 | D:3      | 2648 ||| Stepping ~*~*~tactically~*~*~ (outnumbered).
  2658 | D:3      | Found an iron altar of Okawaru.
  2659 | D:3      | 2659 ||| Stepping ~*~*~tactically~*~*~ (stealth).
  2821 | D:3      | 2821 ||| UPGRADING to ring of protection from fire.
  2822 | D:3      | 2822 ||| DRINKING 3 yellow potions.
  2841 | D:4      | Noticed an ogre
  2848 | D:4      | Killed an ogre
  2849 | D:4      | Reached XP level 6. HP: 39/59 MP: 6/6
  2849 | D:4      | 2849 ||| STAIRDANCE
  2873 | D:4      | Noticed Ijyb
  2888 | D:4      | Killed Ijyb
  2889 | D:4      | Reached skill level 7 in Unarmed Combat
  2961 | D:4      | 2961 ||| Stepping ~*~*~tactically~*~*~ (stealth).
  3031 | D:4      | Found a staircase to the Ecumenical Temple.
  3058 | D:4      | Found a hide-covered altar of Uskayaw.
  3165 | D:4      | 3165 ||| Stepping ~*~*~tactically~*~*~ (stealth).
  3236 | D:4      | Found an opulent altar of Gozag.
  3238 | D:4      | Found a radiant altar of Vehumet.
  3367 | D:4      | 3367 ||| READING scroll labelled YNYRINASIY.
  3368 | D:4      | 3368 ||| DRINKING 2 bubbling coppery potions.
  3369 | D:4      | 3369 ||| READING 2 scrolls of identify.
  3369 | D:4      | 3369 ||| IDENTIFYING cyan potion
  3370 | D:4      | 3370 ||| DROPPING potion of degeneration.
  3404 | D:5      | Entered Level 5 of the Dungeon
  3405 | D:5      | 3405 ||| PLANNING OSSUARY
  3464 | D:5      | 3464 ||| Stepping ~*~*~tactically~*~*~ (hiding).
  3496 | D:5      | 3496 ||| INVOKING Fiery Armour.
  3500 | D:5      | 3500 ||| Stepping ~*~*~tactically~*~*~ (outnumbered).
  3501 | D:5      | 3501 ||| Stepping ~*~*~tactically~*~*~ (outnumbered).
  3502 | D:5      | 3502 ||| Stepping ~*~*~tactically~*~*~ (outnumbered).
  3503 | D:5      | 3503 ||| Stepping ~*~*~tactically~*~*~ (outnumbered).
  3504 | D:5      | 3504 ||| Stepping ~*~*~tactically~*~*~ (outnumbered).
  3505 | D:5      | 3505 ||| Stepping ~*~*~tactically~*~*~ (outnumbered).
  3509 | D:5      | 3509 ||| Stepping ~*~*~tactically~*~*~ (outnumbered).
  3542 | D:5      | 3542 ||| Stepping ~*~*~tactically~*~*~ (stealth).
  3548 | D:5      | Reached skill level 8 in Unarmed Combat
  3548 | D:5      | Reached XP level 7. HP: 38/66 MP: 7/7
  3640 | D:5      | Found a stormy altar of Qazlal.
  3642 | D:5      | 3642 ||| Stepping ~*~*~tactically~*~*~ (stealth).
  3643 | D:5      | 3643 ||| Stepping ~*~*~tactically~*~*~ (stealth).
  3653 | D:5      | Reached skill level 3 in Fighting
  3671 | D:5      | 3671 ||| INVOKING Fiery Armour.
  3736 | D:5      | 3736 ||| Stepping ~*~*~tactically~*~*~ (hiding).
  3805 | D:5      | Found a sand-covered staircase.
  3806 | D:5      | 3806 ||| READING scroll labelled DEKASK BUMEDOH.
  3810 | Ossuary  | Entered an ossuary
  3861 | Ossuary  | Reached skill level 9 in Unarmed Combat
  3884 | Ossuary  | 3884 ||| INVOKING Fiery Armour.
  3893 | Ossuary  | Reached skill level 1 in Throwing
  3939 | Ossuary  | Reached XP level 8. HP: 68/75 MP: 8/8
  3968 | Ossuary  | 3968 ||| Stepping ~*~*~tactically~*~*~ (outnumbered).
  3970 | Ossuary  | 3970 ||| Stepping ~*~*~tactically~*~*~ (outnumbered).
  4008 | Ossuary  | 4008 ||| DRINKING 3 green potions.
  4009 | Ossuary  | 4009 ||| DRINKING 2 golden potions.
  4010 | Ossuary  | 4010 ||| DRINKING 3 lumpy amethyst potions.
  4011 | Ossuary  | 4011 ||| READING 3 scrolls of identify.
  4011 | Ossuary  | 4011 ||| IDENTIFYING murky emerald potion
  4012 | Ossuary  | 4012 ||| READING 2 scrolls of identify.
  4012 | Ossuary  | 4012 ||| IDENTIFYING grey potion
  4013 | Ossuary  | 4013 ||| DROPPING potion of magic.
  4014 | Ossuary  | 4014 ||| DROPPING 2 potions of attraction.
  4015 | Ossuary  | 4015 ||| DROPPING potion of flight.
  4021 | D:5      | 4021 ||| PLANNING D:1-11
  4145 | D:5      | Found a hazy altar of Hepliaklqana.
  4394 | D:6      | 4394 ||| Stepping ~*~*~tactically~*~*~ (stealth).
  4401 | D:6      | 4401 ||| Stepping ~*~*~tactically~*~*~ (hiding).
  4402 | D:6      | 4402 ||| Stepping ~*~*~tactically~*~*~ (hiding).
  4415 | D:6      | 4415 ||| Stepping ~*~*~tactically~*~*~ (outnumbered).
  4416 | D:6      | 4416 ||| Stepping ~*~*~tactically~*~*~ (outnumbered).
  4417 | D:6      | 4417 ||| Stepping ~*~*~tactically~*~*~ (outnumbered).
  4418 | D:6      | 4418 ||| Stepping ~*~*~tactically~*~*~ (outnumbered).
  4418 | D:6      | Found a burning altar of Makhleb.
  4419 | D:6      | 4419 ||| INVOKING Fiery Armour.
  4424 | D:6      | 4424 ||| Stepping ~*~*~tactically~*~*~ (outnumbered).
  4425 | D:6      | 4425 ||| Stepping ~*~*~tactically~*~*~ (outnumbered).
  4426 | D:6      | Reached skill level 10 in Unarmed Combat
  4426 | D:6      | 4426 ||| Stepping ~*~*~tactically~*~*~ (outnumbered).
  4427 | D:6      | 4427 ||| Stepping ~*~*~tactically~*~*~ (outnumbered).
  4428 | D:6      | 4428 ||| Stepping ~*~*~tactically~*~*~ (outnumbered).
  4429 | D:6      | 4429 ||| Stepping ~*~*~tactically~*~*~ (outnumbered).
  4430 | D:6      | 4430 ||| Stepping ~*~*~tactically~*~*~ (outnumbered).
  4431 | D:6      | 4431 ||| Stepping ~*~*~tactically~*~*~ (outnumbered).
  4432 | D:6      | 4432 ||| Stepping ~*~*~tactically~*~*~ (outnumbered).
  4433 | D:6      | 4433 ||| Stepping ~*~*~tactically~*~*~ (outnumbered).
  4434 | D:6      | 4434 ||| Stepping ~*~*~tactically~*~*~ (outnumbered).
  4435 | D:6      | 4435 ||| Stepping ~*~*~tactically~*~*~ (outnumbered).
  4436 | D:6      | 4436 ||| Stepping ~*~*~tactically~*~*~ (outnumbered).
  4437 | D:6      | 4437 ||| Stepping ~*~*~tactically~*~*~ (outnumbered).
  4438 | D:6      | 4438 ||| Stepping ~*~*~tactically~*~*~ (outnumbered).
  4442 | D:6      | 4442 ||| Stepping ~*~*~tactically~*~*~ (outnumbered).
  4456 | D:6      | HP: 12/72 [wight/+4 trident (9)]
  4457 | D:6      | 4457 ||| READING scroll of teleportation.
  4458 | D:6      | 4458 ||| DRINKING 3 potions of heal wounds.
  4545 | D:6      | Found a bloodstained altar of Trog.
  4546 | D:6      | Identified the +5 halberd of Beicicef {elec, rElec rCorr}
  4841 | D:6      | 4841 ||| Stepping ~*~*~tactically~*~*~ (stealth).
  4842 | D:6      | 4842 ||| Stepping ~*~*~tactically~*~*~ (stealth).
  4853 | D:6      | Reached skill level 11 in Unarmed Combat
  4966 | D:6      | Reached skill level 1 in Dodging
  5117 | D:6      | 5117 ||| Stepping ~*~*~tactically~*~*~ (outnumbered).
  5118 | D:6      | 5118 ||| Stepping ~*~*~tactically~*~*~ (outnumbered).
  5121 | D:6      | 5121 ||| Stepping ~*~*~tactically~*~*~ (outnumbered).
  5122 | D:6      | 5122 ||| Stepping ~*~*~tactically~*~*~ (outnumbered).
  5125 | D:6      | Reached XP level 9. HP: 76/79 MP: 9/9
  5371 | D:6      | Found a shadowy altar of Dithmenos.
  5371 | D:6      | Found a glowing silver altar of Zin.
  5371 | D:6      | Found a shimmering altar of Xom.
  5725 | D:6      | 5725 ||| UPGRADING to +0 steam dragon scales.
  5735 | D:6      | 5735 ||| DROPPING +0 robe.
  5736 | D:6      | 5736 ||| UPGRADING to +2 robe of willpower.
  5771 | D:7      | 5771 ||| Stepping ~*~*~tactically~*~*~ (hiding).
  5774 | D:7      | 5774 ||| Stepping ~*~*~tactically~*~*~ (hiding).
  5781 | D:7      | 5781 ||| Stepping ~*~*~tactically~*~*~ (outnumbered).
  5782 | D:7      | 5782 ||| Stepping ~*~*~tactically~*~*~ (outnumbered).
  5783 | D:7      | 5783 ||| Stepping ~*~*~tactically~*~*~ (outnumbered).
  5784 | D:7      | 5784 ||| Stepping ~*~*~tactically~*~*~ (outnumbered).
  5786 | D:7      | 5786 ||| Stepping ~*~*~tactically~*~*~ (outnumbered).
  5787 | D:7      | 5787 ||| Stepping ~*~*~tactically~*~*~ (outnumbered).
  5788 | D:7      | 5788 ||| Stepping ~*~*~tactically~*~*~ (outnumbered).
  5986 | D:7      | 5986 ||| Stepping ~*~*~tactically~*~*~ (hiding).
  6025 | D:7      | 6025 ||| Stepping ~*~*~tactically~*~*~ (stealth).
  6031 | D:7      | 6031 ||| Stepping ~*~*~tactically~*~*~ (hiding).
  6043 | D:7      | 6043 ||| INVOKING Fiery Armour.
  6044 | D:7      | HP: 13/84 [orc warrior/+0 battleaxe (11)]
  6045 | D:7      | 6045 ||| FLEEEEING.
  6046 | D:7      | 6046 ||| FLEEEEING.
  6047 | D:7      | 6047 ||| FLEEEEING.
  6048 | D:7      | 6048 ||| FLEEEEING.
  6049 | D:7      | 6049 ||| FLEEEEING.
  6050 | D:7      | 6050 ||| FLEEEEING.
  6051 | D:7      | 6051 ||| FLEEEEING.
  6052 | D:7      | 6052 ||| FLEEEEING.
  6053 | D:7      | 6053 ||| FLEEEEING.
  6059 | D:7      | 6059 ||| FLEEEEING.
  6060 | D:7      | 6060 ||| FLEEEEING.
  6061 | D:7      | 6061 ||| FLEEEEING.
  6064 | D:7      | 6064 ||| STAIRDANCE
  6125 | D:7      | 6125 ||| STAIRDANCE
  6129 | D:7      | 6129 ||| STAIRDANCE
  6168 | D:7      | 6168 ||| Stepping ~*~*~tactically~*~*~ (stealth).
  6170 | D:7      | 6170 ||| Stepping ~*~*~tactically~*~*~ (hiding).
  6172 | D:7      | 6172 ||| Stepping ~*~*~tactically~*~*~ (hiding).
  6174 | D:7      | 6174 ||| Stepping ~*~*~tactically~*~*~ (outnumbered).
  6177 | D:7      | 6177 ||| Stepping ~*~*~tactically~*~*~ (outnumbered).
  6179 | D:7      | 6179 ||| Stepping ~*~*~tactically~*~*~ (outnumbered).
  6189 | D:7      | 6189 ||| INVOKING Fiery Armour.
  6191 | D:7      | Reached skill level 12 in Unarmed Combat
  6191 | D:7      | 6191 ||| Stepping ~*~*~tactically~*~*~ (outnumbered).
  6295 | D:7      | 6295 ||| Stepping ~*~*~tactically~*~*~ (hiding).
  6385 | D:7      | Found Juano Naxzo's Assorted Antiques.
  6390 | D:7      | 6390 ||| BUYING potion of heal wounds (155 gold).
  6390 | D:7      | Bought a potion of heal wounds for 155 gold pieces
  6390 | D:7      | 6390 ||| BUYING scroll labelled GEWNISOCUWN (31 gold).
  6390 | D:7      | Bought a scroll labelled GEWNISOCUWN for 31 gold pieces
  6390 | D:7      | 6390 ||| SHOPLISTING scroll of enchant armour (232 gold,
                  | have 222).
  6479 | D:7      | 6479 ||| READING scroll labelled RUFAEM BAKA.
  6480 | D:7      | 6480 ||| READING scroll labelled GEWNISOCUWN.
  6481 | D:7      | 6481 ||| READING scroll labelled FILOSU LUPINGI.
  6482 | D:7      | 6482 ||| Stepping randomly (stuck).
  6483 | D:7      | 6483 ||| Stepping ~*~*~tactically~*~*~ (cloud).
  6568 | D:8      | 6568 ||| INVOKING Fiery Armour.
  6571 | D:8      | HP: 22/88 [orc wizard/magic dart (11)]
  6572 | D:8      | 6572 ||| DRINKING 3 potions of heal wounds.
  6670 | D:8      | Identified the +4 whip "Hellblazer" {flame, Drain rC+ SInv}
  6684 | D:8      | 6684 ||| INVOKING Fiery Armour.
  6849 | D:8      | 6849 ||| Stepping ~*~*~tactically~*~*~ (hiding).
  6854 | D:8      | 6854 ||| Stepping ~*~*~tactically~*~*~ (stealth).
  7137 | D:8      | Found a sacrificial altar of Ru.
  7215 | D:8      | 7215 ||| READING 3 scrolls of identify.
  7215 | D:8      | 7215 ||| IDENTIFYING fuming sapphire potion
  7253 | D:9      | Noticed a two-headed ogre
  7262 | D:9      | Killed a two-headed ogre
  7263 | D:9      | Reached skill level 13 in Unarmed Combat
  7263 | D:9      | Reached XP level 10. HP: 60/96 MP: 10/10
  7392 | D:9      | Noticed a death yak
  7393 | D:9      | 7393 ||| FLEEEEING.
  7395 | D:9      | 7395 ||| FLEEEEING.
  7396 | D:9      | 7396 ||| INVOKING Fiery Armour.
  7403 | D:9      | Noticed a death yak
  7404 | D:9      | Killed a death yak
  7405 | D:9      | Reached skill level 14 in Unarmed Combat
  7406 | D:9      | 7406 ||| FLEEEEING.
  7408 | D:9      | Noticed a death yak
  7414 | D:9      | Killed a death yak
  7418 | D:9      | Killed a death yak
  7419 | D:9      | Reached skill level 6 in Fighting
  7450 | D:9      | Found a staircase to the Lair.
  7485 | D:9      | 7485 ||| Stepping ~*~*~tactically~*~*~ (outnumbered).
  7486 | D:9      | 7486 ||| Stepping ~*~*~tactically~*~*~ (outnumbered).
  7490 | D:9      | 7490 ||| Stepping ~*~*~tactically~*~*~ (outnumbered).
  7491 | D:9      | 7491 ||| Stepping ~*~*~tactically~*~*~ (outnumbered).
  7493 | D:9      | 7493 ||| Stepping ~*~*~tactically~*~*~ (outnumbered).
  7695 | D:9      | 7695 ||| Stepping ~*~*~tactically~*~*~ (stealth).
  7697 | D:9      | 7697 ||| Stepping ~*~*~tactically~*~*~ (stealth).
  7699 | D:9      | 7699 ||| Stepping ~*~*~tactically~*~*~ (hiding).
  7701 | D:9      | 7701 ||| Stepping ~*~*~tactically~*~*~ (hiding).
  7711 | D:9      | 7711 ||| FLEEEEING.
  8245 | D:9      | 8245 ||| Stepping ~*~*~tactically~*~*~ (hiding).
  8275 | D:9      | Found a blossoming altar of Fedhas.
  8412 | D:9      | 8412 ||| PLANNING LAIR
  8453 | Lair:1   | Entered Level 1 of the Lair of Beasts
  8453 | Lair:1   | Noticed an oklob plant
  8454 | Lair:1   | 8454 ||| INVOKING Fiery Armour.
  8463 | Lair:1   | Killed an oklob plant
  8627 | Lair:1   | 8627 ||| Stepping ~*~*~tactically~*~*~ (stealth).
  8631 | Lair:1   | Reached skill level 15 in Unarmed Combat
  8639 | Lair:1   | Reached XP level 11. HP: 93/107 MP: 11/11
  8702 | Lair:1   | 8702 ||| Stepping ~*~*~tactically~*~*~ (stealth).
  8708 | Lair:1   | 8708 ||| Stepping ~*~*~tactically~*~*~ (stealth).
  8710 | Lair:1   | 8710 ||| Stepping ~*~*~tactically~*~*~ (stealth).
  8712 | Lair:1   | 8712 ||| Stepping ~*~*~tactically~*~*~ (stealth).
  8713 | Lair:1   | 8713 ||| Stepping ~*~*~tactically~*~*~ (stealth).
  8715 | Lair:1   | 8715 ||| Stepping ~*~*~tactically~*~*~ (outnumbered).
  8716 | Lair:1   | 8716 ||| Stepping ~*~*~tactically~*~*~ (outnumbered).
  8717 | Lair:1   | 8717 ||| Stepping ~*~*~tactically~*~*~ (stealth).
  8720 | Lair:1   | 8720 ||| Stepping ~*~*~tactically~*~*~ (stealth).
  8725 | Lair:1   | 8725 ||| Stepping ~*~*~tactically~*~*~ (outnumbered).
  8726 | Lair:1   | 8726 ||| Stepping ~*~*~tactically~*~*~ (outnumbered).
  8727 | Lair:1   | 8727 ||| Stepping ~*~*~tactically~*~*~ (outnumbered).
  8728 | Lair:1   | 8728 ||| Stepping ~*~*~tactically~*~*~ (outnumbered).
  8730 | Lair:1   | 8730 ||| Stepping ~*~*~tactically~*~*~ (outnumbered).
  8731 | Lair:1   | 8731 ||| Stepping ~*~*~tactically~*~*~ (outnumbered).
  8732 | Lair:1   | 8732 ||| Stepping ~*~*~tactically~*~*~ (outnumbered).
  8733 | Lair:1   | 8733 ||| Stepping ~*~*~tactically~*~*~ (outnumbered).
  8734 | Lair:1   | 8734 ||| Stepping ~*~*~tactically~*~*~ (outnumbered).
  8735 | Lair:1   | 8735 ||| Stepping ~*~*~tactically~*~*~ (outnumbered).
  8736 | Lair:1   | 8736 ||| Stepping ~*~*~tactically~*~*~ (outnumbered).
  8737 | Lair:1   | 8737 ||| Stepping ~*~*~tactically~*~*~ (outnumbered).
  8741 | Lair:1   | 8741 ||| Stepping ~*~*~tactically~*~*~ (outnumbered).
  8742 | Lair:1   | 8742 ||| Stepping ~*~*~tactically~*~*~ (outnumbered).
  8743 | Lair:1   | 8743 ||| INVOKING Fiery Armour.
  8743 | Lair:1   | HP: 13/107 [komodo dragon (27)]
  8744 | Lair:1   | 8744 ||| DRINKING 2 potions of heal wounds.
  8745 | Lair:1   | 8745 ||| Stepping ~*~*~tactically~*~*~ (outnumbered).
  8746 | Lair:1   | 8746 ||| Stepping ~*~*~tactically~*~*~ (outnumbered).
  8747 | Lair:1   | 8747 ||| Stepping ~*~*~tactically~*~*~ (outnumbered).
  8748 | Lair:1   | 8748 ||| Stepping ~*~*~tactically~*~*~ (outnumbered).
  8749 | Lair:1   | 8749 ||| Stepping ~*~*~tactically~*~*~ (outnumbered).
  8749 | Lair:1   | HP: 24/107 [komodo dragon (15)]
  8750 | Lair:1   | 8750 ||| DRINKING potion of heal wounds.
  8751 | Lair:1   | 8751 ||| Stepping ~*~*~tactically~*~*~ (outnumbered).
  8752 | Lair:1   | 8752 ||| Stepping ~*~*~tactically~*~*~ (outnumbered).
  8753 | Lair:1   | 8753 ||| Stepping ~*~*~tactically~*~*~ (outnumbered).
  8759 | Lair:1   | HP: 20/107 [komodo dragon (10)]
  8854 | Lair:1   | 8854 ||| PLANNING CONVERSION TO OKAWARU
  9045 | D:3      | Fell from the grace of Ignis
  9045 | D:3      | Became a worshipper of Warmaster Okawaru
  9046 | D:3      | 9046 ||| PLANNING LAIR
  9294 | Lair:1   | 9294 ||| Stepping ~*~*~tactically~*~*~ (hiding).
  9540 | Lair:1   | You fall into a shaft and drop 1 floor!
  9625 | Lair:2   | Reached skill level 16 in Unarmed Combat
  9636 | Lair:2   | 9636 ||| Stepping ~*~*~tactically~*~*~ (stealth).
  9736 | Lair:2   | HP: 24/107 [fire elemental[the fiery vengeance of Ignis]
                  | (10)]
  9736 | Lair:2   | HP: 11/107 [fire elemental[the fiery vengeance of Ignis]
                  | (12)]
  9738 | Lair:2   | HP: 4/107 [fire elemental[the fiery vengeance of Ignis]
                  | (9)]
  9739 | Lair:2   | Mangled by a fire elemental

Levels and vault maps discovered:
D:1:      psy_arrival_whirlpool, layout_basic
D:2:      layout_loops_cross, nicolae_ecumenical_snake_handling,
          reono_crystal_passage, minivault_19, chequers_jeans
D:3:      layout_loops_ring, lemuel_round_altar
D:4:      layout_basic, lemuel_round_altar, minitemple,
          minmay_temple_entry_junction, uniq_ijyb
D:5:      layout_rooms, nicolae_hepliaklqana_hazy_memory,
          nicolae_qazlal_scattered_showers, nicolae_ossuary_entry_plus
D:6:      layout_layer_cave, mainiacjoe_overflow_boulevard,
          gammafunk_temple_overflow_claw, trog_three_pillars_becter
D:7:      layout_cave_pools, serial_shops, shop, st_stairs_1,
          amcnicky_mini_rare_corridor_liquid, chequers_serial_rivers_micro_e,
          kennysheep_generic_room_15
D:8:      layout_loops_ring, mainiacjoe_overflow_brackets
D:9:      layout_grid_maze, lemuel_round_altar, dpeg_lair_monsters
Lair:1:   layout_chaotic_city, columned_hall_lemuel, st_stairs_13,
          dpeg_stationary_puzzle, serial_bayou_shore_a, serial_bayou_shore_b
Lair:2:   gammafunk_lair_enchanted_lake, layout_loops_ring,
          minmay_shoals_entry_lonely_mermaid,
          hellmonk_spider_entry_not_the_bees, serial_bayou_crossing

Skill      XL: |  1  2  3  4  5  6  7  8  9 10 11 |
---------------+----------------------------------+-----
Unarmed Combat | 4 5 6 8 9 11 13 15 16 | 16.0
Fighting       | 3 4 5 6 |  6.8
Throwing       | 1 |  1.9
Dodging        | 1 |  1.3
Spellcasting   | |  1.0
Fire Magic     | |  2.1

Action                   |  1- 3 |  4- 6 |  7- 9 | 10-12 || total
-------------------------+-------+-------+-------+-------++-------
Melee: Unarmed           |   107 |   166 |   329 |   136 ||   738
       Punch             |     2 |     2 |    18 |    10 ||    32
Throw: Boomerang         |       |       |    53 |     5 ||    58
Invok: Fiery Armour      |       |     2 |     7 |     3 ||    12
  Use: Scroll            |     3 |     8 |     8 |       ||    19
       Potion            |       |     4 |     5 |     2 ||    11
Armor: Robe              |    23 |    47 |    82 |    29 ||   181
Dodge: Dodged            |    33 |    55 |   132 |    38 ||   258

Table legend:
 A = Non-vault XP
 B = Vault XP
 C = Vault XP percentage of total XP
 D = Non-vault monster count
 E = Vault monster count
 F = Vault count percentage of total count
                 A         B        C        D         E       F
            +---------+---------+-------+---------+---------+-------
      Total |    9866 |    4959 |  33.5 |     200 |      45 |  18.4
            +---------+---------+-------+---------+---------+-------
        D:1 |      60 |       0 |   0.0 |      30 |       0 |   0.0
        D:2 |     118 |       5 |   4.1 |      21 |       3 |  12.5
        D:3 |     113 |       0 |   0.0 |      23 |       0 |   0.0
        D:4 |     232 |      36 |  13.4 |      14 |       1 |   6.7
        D:5 |     703 |       0 |   0.0 |      22 |       0 |   0.0
        D:6 |    1507 |       0 |   0.0 |      23 |       0 |   0.0
        D:7 |     636 |     229 |  26.5 |      18 |       2 |  10.0
        D:8 |     952 |       0 |   0.0 |      17 |       0 |   0.0
        D:9 |    1699 |    3007 |  63.9 |      12 |       6 |  33.3
     Lair:1 |    3193 |     967 |  23.2 |      17 |       2 |  10.5
     Lair:2 |     653 |     315 |  32.5 |       3 |       1 |  25.0
    Ossuary |       0 |     400 | 100.0 |       0 |      30 | 100.0
            +---------+---------+-------+---------+---------+-------
